 Dungeon Crawl Stone Soup version 0.22-a0-280-g69bf1f3 (webtiles) character file.

285 Ghella the Skirmisher (level 6, -2/73 HPs)
             Began as a Formicid Fighter on Mar 16, 2018.
             Slain by Crazy Yiuf
             ... wielding a +3 quarterstaff of chaos
              (7 damage)
             ... on level 3 of the Dungeon.
             The game lasted 00:03:58 (2919 turns).

Ghella the Skirmisher (Formicid Fighter)            Turns: 2919, Time: 00:03:59

Health: -2/73      AC: 23    Str: 23    XL:     6   Next: 55%
Magic:  3/6        EV:  2    Int:  7    God:
Gold:   131        SH:  9    Dex: 10    Spells: 5/5 levels left

rFire    . . .     SeeInvis .   a - +0 war axe
rCold    . . .     Gourm    .   c - +0 shield
rNeg     + + +     Faith    .   (armour currently unavailable)
rPois    +         Spirit   .   (helmet unavailable)
rElec    .         Reflect  .   (cloak currently unavailable)
rCorr    .         Harm     .   (gloves currently unavailable)
MR       .....                  (boots currently unavailable)
Stlth    +.........             i - amulet of magic regeneration
HPRegen  0.22/turn              (no ring)
MPRegen  0.35/turn              (no ring)

@: lethally poisoned (-2 -> -10), tree-form, drained
A: permanent stasis, dig shafts and tunnels, four strong arms
a: no special abilities


You were on level 3 of the Dungeon.
You were hungry.
You were a tree.
You visited 1 branch of the dungeon, and saw 3 of its levels.

You collected 131 gold pieces.

Inventory:

Hand Weapons
 a - a +0 war axe (weapon)
Armour
 b - a +0 scale mail (melded)
 c - a +0 shield (worn)
 p - a +0 plate armour
 q - a +1 pair of gloves (melded)
 v - a +0 large shield
Jewellery
 i - an amulet of magic regeneration (around neck)
 o - an uncursed ring of protection from magic {unknown}
Scrolls
 e - a scroll of immolation {unknown}
 h - 2 scrolls of noise {unknown}
 j - a scroll of amnesia {unknown}
 k - a scroll of blinking {unknown}
 l - a scroll of magic mapping {unknown}
 m - a scroll of identify {unknown}
 n - a scroll of teleportation {unknown}
 s - a scroll of remove curse {unknown}
 u - a scroll of fog {unknown}
Potions
 t - a potion of flight
Comestibles
 f - 13 rations


   Skills:
 * Level 4.6(4.4) Fighting
 + Level 4.0(3.8) Axes
 * Level 4.4(4.3) Armour
 + Level 1.1(1.0) Dodging
 + Level 1.0(0.9) Stealth
 + Level 4.4(4.3) Shields


You had 5 spell levels left.
You didn't know any spells.

Dungeon Overview and Level Annotations

Branches:
Dungeon (3/15)

Altars:

Annotations:
D:3 Crazy Yiuf


Innate Abilities, Weirdness & Mutations

You cannot be hasted, slowed, berserked, paralysed or teleported.
You can dig through walls and to a lower floor.
Your four strong arms can wield two-handed weapons with a shield.
((You have a pair of large antennae on your head. (SInv)))


Message History

Crazy Yiuf closely misses you.
Crazy Yiuf hits you with a quarterstaff of chaos!
* * * LOW HITPOINT WARNING * * *
You are lethally poisoned!
You turn into a tree.
Your +1 pair of gloves melds into your body.
Your +0 scale mail melds into your body.
Your roots penetrate the ground.
* * * LOW HITPOINT WARNING * * *
You feel sick. Crazy Yiuf hits you but does no damage.
You barely miss Crazy Yiuf.
* * * LOW HITPOINT WARNING * * *
You feel sick. Crazy Yiuf hits you but does no damage.
You block Crazy Yiuf's attack.
You hit Crazy Yiuf.
Crazy Yiuf is lightly wounded.
* * * LOW HITPOINT WARNING * * *
You feel sick. You block Crazy Yiuf's attack.
Crazy Yiuf hits you with a quarterstaff of chaos!
You die...

#####......#
#....#
#...........
...........#
♣.♣..♣
###)...#####
##....######
♣)..♣♣
###....#
...####
♣♣)♣♣
#......#
#### ♣)♣♣
#......#
#### ♣♣)♣
###....#
##### ##..#
♣)♣♣ #....#
....####..##
♣♣)♣ #....#
###......##
#♣# #....#
########
#)g)# #....#
#)))# ######
#).)# #####


You could see Crazy Yiuf (berserk).

Vanquished Creatures
  A necrophage (D:2)
  An orc wizard (D:3)
  Robin (D:2)
  4 gnolls (D:2)
  5 adders
  2 dart slugs
  3 worms
  5 orcs (D:3)
  5 giant cockroaches
  9 goblins
  12 hobgoblins
  5 bats
  7 kobolds
  3 rats
63 creatures vanquished.

Notes
Turn   | Place    | Note
-------+----------+-------------------------------------------
     0 | D:1      | Ghella the Formicid Fighter began the quest for the Orb.
     0 | D:1      | Reached XP level 1. HP: 18/18 MP: 1/1
   247 | D:1      | Reached XP level 2. HP: 24/24 MP: 2/2
   491 | D:2      | Reached XP level 3. HP: 17/30 MP: 3/3
   858 | D:2      | Noticed a necrophage
   870 | D:2      | Killed a necrophage
   870 | D:2      | Reached XP level 4. HP: 20/37 MP: 4/4
   870 | D:2      | Reached XP level 5. HP: 23/42 MP: 5/5
  2069 | D:3      | Noticed Robin
  2100 | D:2      | Reached XP level 6. HP: 48/49 MP: 6/6
  2250 | D:2      | Killed Robin
  2250 | D:2      | Reached skill level 1 in Stealth
  2401 | D:3      | Reached skill level 1 in Dodging
  2863 | D:3      | Found a runed door.
  2907 | D:3      | Noticed Crazy Yiuf
  2919 | D:3      | Slain by Crazy Yiuf

Vault maps used:
D:1:      minmay_arrival_up_and_down, st_stairs_6, minmay_ruptured
D:2:      first_ration
D:3:      feat_on_display, uniq_crazy_yiuf_cottage, uniq_robin

Skill      XL: |  1  2  3  4  5  6 |
---------------+-------------------+-----
Fighting       | 4 |  4.6
Axes           | 3 4 |  4.0
Shields        | 4 |  4.4
Armour         | 4 |  4.4
Stealth        | 1 |  1.0
Dodging        | 1 |  1.1

Action                   |  1- 3 |  4- 6 || total
-------------------------+-------+-------++-------
Melee: War axe           |    55 |   155 ||   210
  Use: Potion            |       |     6 ||     6
  Eat: Chunk             |       |     6 ||     6
Armor: Scale mail        |    31 |    60 ||    91
       Skin              |       |     2 ||     2
Dodge: Dodged            |    14 |    48 ||    62
Block: Shield            |    23 |    92 ||   115

Table legend:
 A = Spawn XP
 B = Non-spawn XP
 C = Spawn XP percentage of total XP
 D = Spawn monster count
 E = Non-spawn monster count
 F = Spawn count percentage of total count
 G = Total turns spent on level
                    A         B        C        D         E        F      G
               +---------+---------+-------+---------+---------+-------+---------
         Total |       0 |     408 |   0.0 |       0 |      63 |   0.0 |  2919
               +---------+---------+-------+---------+---------+-------+---------
           D:1 |       0 |      21 |   0.0 |       0 |      12 |   0.0 |   480
           D:2 |       0 |     264 |   0.0 |       0 |      27 |   0.0 |  1688
           D:3 |       0 |     123 |   0.0 |       0 |      24 |   0.0 |   751
               +---------+---------+-------+---------+---------+-------+---------
